 Dungeon Crawl Stone Soup version 0.22.1-1-ga44c0e56f4 (webtiles) character file.

194 JOKERXD40 the Conjurer (level 5, -1/28 HPs)
             Began as a Deep Elf Conjurer on Nov 11, 2018.
             Succumbed to a scorpion's poison
             ... on level 4 of the Dungeon.
             The game lasted 00:09:31 (2459 turns).

JOKERXD40 the Conjurer (Deep Elf Conjurer)          Turns: 2459, Time: 00:09:32

Health: -1/28      AC:  3    Str:  6    XL:     5   Next: 44%
Magic:  2/20       EV: 16    Int: 20    God:
Gold:   217        SH:  0    Dex: 15    Spells: 9/10 levels left

rFire    . . .     SeeInvis .   (no weapon)
rCold    . . .     Gourm    .   (no shield)
rNeg     . . .     Faith    .   a - +0 robe
rPois    .         Spirit   .   (no helmet)
rElec    .         Reflect  .   (no cloak)
rCorr    .         Harm     .   (no gloves)
MR       .....                  m - +0 pair of boots
Stlth    ++........             (no amulet)
HPRegen  0.09/turn              g - ring of magical power
MPRegen  0.17/turn              f - +3 ring of evasion

@: lethally poisoned (-1 -> -24), invisible
A: no striking features
a: no special abilities


You were on level 4 of the Dungeon.
You were not hungry.

You visited 1 branch of the dungeon, and saw 4 of its levels.

You collected 217 gold pieces.

Inventory:

Armour
 a - a +0 robe (worn)
 m - a +0 pair of boots (worn)
Jewellery
 f - a +3 ring of evasion (right hand)
 g - a ring of magical power (left hand)
 k - an uncursed ring of fire
 l - a +4 ring of protection
Scrolls
 b - 3 scrolls of magic mapping
 h - a scroll of enchant armour {unknown}
 i - 3 scrolls of identify
 j - a scroll of fear {unknown}
 u - a scroll of remove curse
Potions
 d - a potion of invisibility
 e - 3 potions of flight {unknown}
 n - 2 potions of curing {unknown}
 o - a potion of berserk rage {unknown}
 p - a potion of haste {unknown}
 q - 3 potions of heal wounds {unknown}
 r - a potion of might {unknown}
 s - 3 potions of cancellation {unknown}
Comestibles
 c - 6 rations
 t - a chunk of flesh


   Skills:
 - Level 2.4 Dodging
 - Level 2.4 Stealth
 - Level 3.0 Spellcasting
 + Level 7.4 Conjurations


You had 9 spell levels left.
You knew the following spells:

 Your Spells              Type           Power        Failure   Level  Hunger
a - Magic Dart            Conj           ####         1%          1    None

Your spell library contained the following spells:

 Spells                   Type           Power        Failure   Level  Hunger
 Searing Ray              Conj           ####..       1%          2    ##.....
 Iskenderun's Mystic Bla  Conj           ####....     7%          4    ####...
 Dazzling Spray           Conj/Hex       ###...       10%         3    ###....
 Force Lance              Conj/Tloc      ###.....     30%         4    ####...
 Fulminant Prism          Conj/Hex       ###.......   30%         4    ####...


Dungeon Overview and Level Annotations

Branches:
Dungeon (4/15)
 Temple: D:4-7

Altars:
Fedhas


Message History

The magic dart hits the scorpion.
The scorpion is severely wounded.
You feel sick. The scorpion stings you.
* * * LOW HITPOINT WARNING * * *
Casting: Magic Dart (safe; 1% risk of failure)
Confirm with . or Enter, or press ? or * to list all spells.
Aiming: Magic Dart (safe; 1% risk of failure)
Press: ? - help, Shift-Dir - straight line, f/p - scorpion
Aim: a scorpion (severely wounded)
The magic dart hits the scorpion.
The scorpion is severely wounded.
* * * LOW HITPOINT WARNING * * *
You feel sick. The scorpion stings you.
* * * LOW HITPOINT WARNING * * *
You are more poisoned.
The scorpion poisons you!
Unknown command.
It was a potion of invisibility.
You fade into invisibility!
You die...

.. .# .#
###.## #....
#.#.#####
#.s.....#
#.@.....#
#.......#
#.......#
.......#.#####
#.#)##.#รท# <.
###.# #. #.# .
#.# #.#


You could see a scorpion.

Vanquished Creatures
  An orc wizard (D:3)
  An iguana (D:4)
  A worker ant (D:2)
  5 adders
  2 worms
  A dart slug (D:2)
  10 orcs (D:3)
  5 bats
  5 giant cockroaches
  5 goblins
  9 hobgoblins
  2 quokkas
  4 frilled lizards
  2 kobolds (D:1)
  3 rats
56 creatures vanquished.

Notes
Turn   | Place    | Note
-------+----------+-------------------------------------------
     0 | D:1      | JOKERXD40 the Deep Elf Conjurer began the quest for the
                  | Orb.
     0 | D:1      | Reached XP level 1. HP: 10/10 MP: 6/6
   223 | D:1      | Reached XP level 2. HP: 15/15 MP: 8/8
   274 | D:1      | Reached skill level 5 in Conjurations
   878 | D:2      | Reached XP level 3. HP: 19/19 MP: 9/9
  1086 | D:2      | Reached skill level 6 in Conjurations
  1562 | D:2      | Reached XP level 4. HP: 24/24 MP: 10/10
  1695 | D:3      | Found a blossoming altar of Fedhas.
  2026 | D:3      | Reached skill level 7 in Conjurations
  2028 | D:3      | Reached XP level 5. HP: 28/28 MP: 11/11
  2458 | D:4      | HP: 1/28 [scorpion (6)]
  2459 | D:4      | Succumbed to a scorpion's poison

Skill      XL: |  1  2  3  4 |
---------------+-------------+-----
Conjurations   | 5 6 7 |  7.4
Dodging        | |  2.4
Stealth        | |  2.4
Spellcasting   | |  3.0

Action                   |  1- 3 |  4- 6 || total
-------------------------+-------+-------++-------
 Cast: Magic Dart        |    68 |    83 ||   151
  Use: Scroll            |     6 |       ||     6
       Potion            |       |     1 ||     1
  Eat: Chunk             |     1 |     3 ||     4
Armor: Robe              |     1 |     1 ||     2
Dodge: Dodged            |    12 |     7 ||    19
